AoeStats
← AIR-Z

Migration

510127298Analyzed
1v1 RM · 2d ago on Sep 29, 2026· 38m 0s· 2 players
Game mode
Random Map
Map size
132×132
Population
200
Speed
Normal
Resources
Standard
Victory
Conquest
Starting age
Dark Age
Ending age
Imperial Age
RankedLock teamsTeams togetherTeam positionsShared explorationLock speedFull tech treeHidden civsTurbo modeCheats
Victory
Defeat
🇦🇷 Italians · Argentina
1043
+15
🇷🇺 Japanese · Russia
1013
-15
AIR-Z
10:34 Feudal Age
11:07 Double-Bit Axe
14:38 Gold Mining
17:18 Wheelbarrow
21:54 Castle Age
19:49 Stone Mining
21:04 Bloodlines
21:42 Fishing Lines
23:22 Medium Warships
22:44 Light Cavalry
26:12 Gillnets
25:47 Demolition Ship
27:19 Bow Saw
29:12 Husbandry
32:01 Forging
31:57 Scale Barding Armor
Bubba5148786
11:55 Feudal Age
13:33 Double-Bit Axe
16:55 Castle Age
14:41 Loom
15:41 Horse Collar
16:43 Padded Archer Armor
17:15 Fletching
18:11 Medium Warships
17:58 Bodkin Arrow
19:10 Leather Archer Armor
32:37 Imperial Age
32:06 Wheelbarrow
31:17 Town Watch
31:49 Pikeman
34:29 Crossbowman
35:52 Hand Cart
36:54 Town Patrol
38:57 Chemistry
38:17 Ballistics
Connection lost

Rejoining the realm…

Still unreachable

The connection could not be restored.

Session expired

The server has moved on; the page needs a fresh start.